Map: Sequencer LE

Players

ender - Winner!

  • Race: Protoss Protoss
  • League: Gold
  • Spawn Location: 7:00

Whiskydog

  • Race: Terran Terran
  • League: Silver
  • Spawn Location: 1:00

VOD

Have the link to the VOD?

Description

Time

  • Played on: June 10, 2017, 10:42 p.m.
  • Length: 11:28
Show
View Real Time Build Order
Export as new Build Order

ender Protoss - Winner!

Build Orders: Oracle Opening 

Get SALT Encoding   

  12  0:03  Probe (Chrono Boost)  
  13  0:17  Pylon  
  13  0:26  Probe (Chrono Boost)  
  14  0:35  Assimilator  
  14  0:37  Probe (Chrono Boost)  
  15  0:47  Probe (Chrono Boost)  
  16  0:53  Gateway  
  16  0:58  Probe (Chrono Boost)  
  17  1:08  Probe (Chrono Boost)  
  18  1:12  Pylon  
  18  1:19  Probe (Chrono Boost)  
  19  1:29  Probe (Chrono Boost)  
  19  1:31  Forge  
  20  1:42  Cybernetics Core  
  22  1:47  Zealot  
  22  1:51  Assimilator  
  22  1:53  Probe (Chrono Boost)  
  23  2:04  Probe (Chrono Boost)  
  23  2:07  Warp Gate  
  24  2:14  Probe (Chrono Boost)  
  25  2:19  Pylon  
  25  2:21  Pylon  
  27  2:31  Mothership Core (Chrono Boost)  
  27  2:38  Stargate  
  27  2:47  Stalker  
  29  2:57  Pylon  
  29  3:04  Photon Cannon  
  29  3:17  Gateway  
  29  3:24  Oracle  
  32  3:37  Gateway  
  32  4:05  Nexus  
  32  5:00  Void Ray  
  36  5:14  Pylon  
  36  5:16  Pylon  
  36  5:17  Photon Cannon  
  36  5:18  Protoss Ground Weapons Level 1  
  36  5:21  Stalker, Photon Cannon  
  38  5:27  Probe (Chrono Boost)  
  39  5:37  Probe (Chrono Boost)  
  40  5:47  Stalker  
  40  5:48  Probe (Chrono Boost)  
  43  5:53  Stalker  
  45  5:58  Probe (Chrono Boost)  
  46  6:05  Stalker  
  46  6:09  Probe (Chrono Boost)  
  49  6:11  Stalker  
  49  6:17  Stalker  
  53  6:20  Probe (Chrono Boost)  
  54  6:30  Probe (Chrono Boost)  
  55  6:34  Twilight Council  
  55  6:41  Probe (Chrono Boost)  
  56  6:50  Robotics Facility, Stalker  
  56  6:53  Stalker  
  60  6:58  Probe (Chrono Boost)  
  61  7:03  Assimilator  
  61  7:09  Probe (Chrono Boost)  
  61  7:11  Stalker  
  61  7:14  Zealot  
  66  7:19  Probe (Chrono Boost)  
  66  7:22  Void Ray  
  71  7:32  Charge  
  71  7:39  Observer  
  72  7:51  Robotics Bay  
  72  8:04  Pylon  
  72  8:05  Void Ray  
  76  8:07  Pylon  
  76  8:19  Nexus  
  76  8:30  Zealot x2  
  76  8:31  Zealot  
  82  8:38  Colossus  
  88  8:53  Void Ray  
  92  9:01  Protoss Shields Level 1  
  92  9:06  Zealot  
  92  9:08  Zealot  
  96  9:22  Zealot  
  98  9:30  Stalker  
  100  9:31  Stalker  
  102  9:45  Stalker  
  104  9:48  Probe (Chrono Boost)  
  105  9:56  Colossus  
  105  9:59  Probe (Chrono Boost), Zealot  
  108  10:00  Zealot  
  116  10:09  Probe (Chrono Boost)  
  117  10:15  Pylon  
  117  10:17  Pylon  
  117  10:33  Probe (Chrono Boost)  
  67  11:01  Zealot x3  
Show
View Real Time Build Order
Export as new Build Order

Whiskydog Terran 

Build Orders: MMM Bio 

Get SALT Encoding   

  12  0:02  SCV  
  13  0:18  Supply Depot, SCV  
  14  0:30  SCV  
  14  0:35  Refinery  
  15  0:46  Barracks  
  15  0:48  SCV  
  16  1:04  SCV  
  17  1:23  Engineering Bay  
  17  1:28  Refinery  
  17  1:34  Supply Depot, Barracks Reactor  
  17  1:39  SCV  
  18  1:42  Supply Depot  
  18  1:52  Orbital Command  
  18  2:04  Terran Infantry Weapons Level 1  
  18  2:35  Command Center  
  18  2:46  Factory, Marine  
  19  2:53  SCV  
  19  2:55  Marine  
  21  3:05  SCV  
  22  3:25  Barracks  
  22  3:31  SCV  
  23  3:43  SCV  
  23  3:44  Starport, Marine x2  
  26  3:48  Factory Tech Lab  
  26  3:58  Terran Infantry Armor Level 1  
  26  4:01  SCV  
  27  4:09  Starport  
  27  4:11  Marine x2  
  27  4:13  Siege Tank, SCV  
  27  4:16  Barracks Tech Lab  
  19  4:39  Marine x2  
  21  4:53  Marine  
  21  4:56  Marine  
  23  5:05  SCV  
  25  5:10  Orbital Command  
  24  5:14  Starport Reactor  
  24  5:16  Starport Reactor  
  24  5:17  Marine  
  24  5:19  Marine  
  26  5:28  SCV  
  27  5:35  Refinery  
  27  5:40  SCV  
  28  5:44  Armory  
  28  5:49  Marine x2  
  30  5:53  Medivac  
  32  6:11  Supply Depot, Marine x2  
  33  6:14  Medivac  
  36  6:19  Stimpack  
  36  6:23  Marine  
  37  6:30  Marine x2  
  39  6:33  Supply Depot  
  39  6:43  Terran Infantry Weapons Level 2  
  39  6:47  Marine  
  40  7:01  SCV  
  40  7:04  Refinery, SCV  
  42  7:14  SCV  
  43  7:16  Marine  
  43  7:17  SCV  
  45  7:26  SCV  
  45  7:27  Marine x2  
  48  7:37  Medivac  
  48  7:40  Barracks  
  50  7:51  Marine x3  
  51  7:57  SCV x2  
  55  8:09  SCV x2  
  55  8:12  Marine x2  
  59  8:13  Fusion Core, Marine  
  59  8:18  Medivac  
  62  8:23  SCV x2  
  64  8:29  Combat Shields  
  64  8:32  Barracks Reactor  
  64  8:36  Marine  
  64  8:37  Marine  
  64  8:38  Marine  
  67  8:42  SCV  
  68  8:53  Supply Depot x2  
  68  8:56  SCV x2  
  70  9:14  Marine, SCV  
  70  9:15  Marine  
  70  9:16  Marine x2  
  75  9:22  Marauder  
  77  9:35  Barracks  
  77  9:38  Marine x2  
  77  9:39  Marine x2  
  77  9:43  Marauder  
  77  9:44  SCV  
  77  9:45  SCV  
  85  10:10  Command Center  
  85  10:23  SCV x2  
  85  10:25  Marine x3  
  85  10:26  Marine  
  92  10:31  Barracks Tech Lab  
  92  10:32  Marine  
  92  10:34  Medivac  
  94  10:36  SCV  
  94  10:37  SCV  
  55  10:55  Marine x4  
Tags
 
Composition
MMM Bio
Matchup
PvT
Replay Pack
SIII
Spawn Locations
Cross Positions
Add a new tag
Caveats
  • Supply blocks, unpowered buildings, or Contaminate may cause inaccurate times.
  • Supply counts are checked every 10 seconds.